 Dungeon Crawl Stone Soup version 0.25-a0-1024-gbfbf38f2cb (webtiles) character file.

Game seed: 9615075220271027894, levelgen mode: classic

711 Amnesiac the Cruncher (level 7, -7/40 HPs)
             Began as a Deep Elf Gladiator on May 12, 2020.
             Was a Follower of Vehumet.
             Mangled by an ogre
             ... wielding a +0 giant club
              (21 damage)
             ... on level 4 of the Dungeon.
             The game lasted 00:08:34 (4347 turns).

Amnesiac the Cruncher (Deep Elf Gladiator)          Turns: 4347, Time: 00:08:35

Health: -7/40      AC:  6    Str: 11    XL:     7   Next: 40%
Magic:  11/11      EV: 13    Int: 23    God:    Vehumet [*.....]
Gold:   193        SH:  0    Dex: 16    Spells: 5/6 levels left

rFire    . . .     SeeInvis .   a - +1 quarterstaff
rCold    . . .     Gourm    .   (shield currently unavailable)
rNeg     . . .     Faith    .   b - +0 leather armour
rPois    .         Spirit   .   c - +1 helmet
rElec    .         Reflect  .   r - +0 cloak
rCorr    .         Harm     .   (no gloves)
MR       .....                  (no boots)
Stlth    +.........             (no amulet)
HPRegen  0.13/turn              l - +6 ring of intelligence
MPRegen  0.12/turn              j - +2 ring of intelligence

@: about to teleport
A: no striking features
a: Renounce Religion


You were on level 4 of the Dungeon.
You worshipped Vehumet.
Vehumet was aware of your devotion.
You were not hungry.

You visited 2 branches of the dungeon, and saw 6 of its levels.

You collected 193 gold pieces.

Inventory:

Hand Weapons
 a - a +1 quarterstaff (weapon)
Missiles
 h - 19 poisoned darts (quivered)
 i - 19 arrows
Armour
 b - a +0 leather armour (worn)
 c - a +1 helmet (worn)
 r - a +0 cloak (worn)
Jewellery
 j - a +2 ring of intelligence (right hand)
 l - a +6 ring of intelligence (left hand)
Wands
 t - a wand of random effects (10)
Scrolls
 d - 2 scrolls of teleportation {!r}
 g - a scroll of enchant weapon {!r}
 o - a scroll of magic mapping {!r}
 p - a scroll of remove curse {!r}
Potions
 e - a potion of might {!q, unknown}
 k - a potion of heal wounds {!q}
 n - a potion of curing {!q, unknown}
 s - a potion of brilliance {!q, unknown}
Comestibles
 f - 6 rations
 m - 3 chunks of flesh


   Skills:
 - Level 2.0 Fighting
 * Level 8.2 Staves
 - Level 2.0 Throwing
 - Level 3.6 Dodging
 + Level 2.7 Evocations


You had 5 spell levels left.
You knew the following spells:

 Your Spells              Type           Power        Failure   Level  Hunger
a - Magic Dart            Conj           #...         21%         1    ##.....
Your spell library was empty.

Dungeon Overview and Level Annotations

Branches:
Dungeon (5/15)             Temple (1/1) D:4

Altars:
Cheibriados
Dithmenos
Elyvilon
Fedhas
Gozag
Hepliaklqana
Kikubaaqudgha
Makhleb
Nemelex Xobeh
Okawaru
Qazlal
Ru
Sif Muna
Trog
Uskayaw
Vehumet
Wu Jian
Xom
Zin
The Shining One

Shops:
D:4 (


Message History

You start memorising the spell.
You continue memorising.
You finish memorising.
Spell assigned to 'a'.
h - 15 poisoned darts (gained 1) Magic restored.
h - 16 poisoned darts (gained 1) Eating one of 4 chunks of flesh.
You eat one of the 4 chunks of flesh.
This raw flesh tastes terrible.
HP restored.
Things that are here:
a jackal skeleton x2
You see here a jackal skeleton.
h - 17 poisoned darts (gained 1)
h - 18 poisoned darts (gained 1)
You see here a jackal skeleton.
h - 19 poisoned darts (gained 1)
h - 22 poisoned darts (gained 3)
You now have 193 gold pieces (gained 12).
You enter the shallow water.
You enter the shallow water.
The ogre is too close now for your liking.
An ogre is nearby!
The ogre shouts!
Throwing (i - inventory)
h - 22 poisoned darts (quivered)
Press: ? - help, Shift-Dir - straight line, f - ogre
Aim: an ogre, wielding a +0 giant club You throw a poisoned dart.
The poisoned dart hits the ogre.
Throwing (i - inventory)
h - 21 poisoned darts (quivered)
Press: ? - help, Shift-Dir - straight line, f/p - ogre
Aim: an ogre, wielding a +0 giant club You throw a poisoned dart.
The poisoned dart hits the ogre.
The ogre is poisoned.
Throwing (i - inventory)
h - 20 poisoned darts (quivered)
Press: ? - help, Shift-Dir - straight line, f/p - ogre
Aim: an ogre, wielding a +0 giant club (poisoned)
You throw a poisoned dart. The poisoned dart hits the ogre.
The ogre looks even sicker.
You sock the ogre!
The ogre is moderately wounded.
The ogre hits you but does no damage.
You barely miss the ogre.
The ogre is moderately wounded.
You sock the ogre!
The ogre is heavily wounded.
The ogre hits you with a +0 giant club!!
Ouch! That really hurt!
* * * LOW HITPOINT WARNING * * *
The ogre looks more healthy.
Evoke which item? (* to show all) (? for menu, Esc to quit)
Okay, then.
You see here 9 gold pieces.
You strike the helpless sky beast from behind!
You hit the sky beast.
The sky beast is lightly wounded.
The quokka skeleton barely misses you. The sky beast hits you.
* * * LOW HITPOINT WARNING * * *
The sky beast shocks you.
* * * LOW HITPOINT WARNING * * *
Unknown command.
Really read
d - 3 scrolls of teleportation {!r}?
As you read the scroll of teleportation {!r}, it crumbles to dust.
You feel strangely unstable.
The ogre hits you with a +0 giant club!!
Ouch! That really hurt!
You die...

≈≈≈......#
≈≈≈#####.#
≈≈≈#####.##########
≈≈≈#..............#
≈≈≈..>.#.########.#
≈≈.(...#.# ##.#
≈≈(......# #$.#
≈≈(##.#### #O##
≈..##.# ###@######
≈88...# #.ZZY...^#
......###
#...##.#.#
........./ #...##.#
≈88..#..$..
#...>..#
...........#
#..##..#
.....#..?..# #..#
..# ....##.....#
#... .... #####
##### #### [####


You could see a sky beast, an ogre and 2 quokka skeletons.

Vanquished Creatures
  Grinder (D:5)
  2 ogres
  Blork the orc (D:5)
  A crimson imp (D:4)
  An orc priest (D:2)
  An orc wizard (D:2)
  An iguana (D:5)
  A worker ant (D:4)
  3 gnolls (D:4)
  5 adders
  An ooze (D:3)
  2 worms (D:2)
  2 dart slugs
  A leopard gecko (D:3)
  5 orcs (D:3)
  3 giant cockroaches
  7 goblins
  2 hobgoblins
  10 jackals
  5 kobolds
  A quokka (D:4)
  A ball python (D:3)
  2 bats
  4 frilled lizards
  6 rats
69 creatures vanquished.

Notes
Turn   | Place    | Note
-------+----------+-------------------------------------------
     0 | D:1      | Amnesiac the Deep Elf Gladiator began the quest for the
                  | Orb.
     0 | D:1      | Reached XP level 1. HP: 12/12 MP: 3/3
   296 | D:1      | Reached XP level 2. HP: 12/17 MP: 4/4
   815 | D:3      | Noticed an ogre
   894 | D:3      | Killed an ogre
   894 | D:3      | Reached skill level 5 in Staves
   894 | D:3      | Reached XP level 3. HP: 19/21 MP: 5/5
   894 | D:3      | Reached XP level 4. HP: 24/26 MP: 6/6
  1700 | D:4      | Found a staircase to the Ecumenical Temple.
  1703 | D:4      | Noticed a sky beast
  1714 | Temple   | Entered the Ecumenical Temple
  1861 | Temple   | Became a worshipper of Vehumet
  2186 | D:2      | Reached XP level 5. HP: 21/30 MP: 7/7
  2334 | D:2      | Reached skill level 6 in Staves
  3392 | D:4      | Reached XP level 6. HP: 27/35 MP: 8/8
  3430 | D:4      | Reached skill level 7 in Staves
  3844 | D:4      | Found Koxotwyve's Weapon Emporium.
  3954 | D:5      | Entered Level 5 of the Dungeon
  3954 | D:5      | Found an opulent altar of Gozag.
  3961 | D:5      | Noticed Grinder
  3977 | D:5      | Killed Grinder
  3977 | D:5      | Reached XP level 7. HP: 39/40 MP: 8/10
  4131 | D:5      | Noticed Blork the orc
  4143 | D:5      | Killed Blork the orc
  4143 | D:5      | Reached skill level 8 in Staves
  4213 | D:4      | Reached * piety under Vehumet
  4213 | D:4      | Offered knowledge of Magic Dart by Vehumet.
  4216 | D:4      | Learned a level 1 spell: Magic Dart
  4347 | D:4      | Mangled by an ogre

Illustrated notes

Levels and vault maps discovered:
D:1:      elethiomel_arrival_maze, layout_basic
D:2:      layout_basic
D:3:      layout_loops_ring
D:4:      wander_river, layout_loops_cross, minmay_temple_entry_butterflies,
          serial_shops, shop
D:5:      layout_loops_ring, basic_altar, first_ration, trog_book,
          uniq_crazy_yiuf_cottage, uniq_blork_the_orc, uniq_grinder
Temple:   regret_index_temple_chain_breaker

Skill      XL: |  1  2  3  4  5  6  7 |
---------------+----------------------+-----
Fighting       | 2 |  2.0
Staves         | 5 6 7 8 |  8.2
Evocations     | 2 |  2.7
Throwing       | |  2.0
Dodging        | |  3.6

Action                   |  1- 3 |  4- 6 |  7- 9 || total
-------------------------+-------+-------+-------++-------
Melee: Quarterstaff      |    58 |   145 |    21 ||   224
Throw: Throwing net      |     6 |     2 |     1 ||     9
       Dart              |       |    78 |     6 ||    84
Evoke: Wand              |       |     2 |       ||     2
  Use: Scroll            |     5 |       |     5 ||    10
       Potion            |     2 |       |       ||     2
 Stab: Sleeping          |     1 |       |       ||     1
       Held in net/web   |       |     1 |     2 ||     3
       Distracted        |       |       |     1 ||     1
  Eat: Chunk             |       |     9 |     2 ||    11
Armor: Leather armour    |    11 |    30 |     2 ||    43
Dodge: Dodged            |    42 |   100 |     8 ||   150

Table legend:
 A = Non-vault XP
 B = Vault XP
 C = Vault XP percentage of total XP
 D = Non-vault monster count
 E = Vault monster count
 F = Vault count percentage of total count
                 A         B        C        D         E       F
            +---------+---------+-------+---------+---------+-------
      Total |     650 |     366 |  36.0 |      67 |       2 |   2.9
            +---------+---------+-------+---------+---------+-------
        D:1 |      23 |       0 |   0.0 |      14 |       0 |   0.0
        D:2 |     127 |       0 |   0.0 |      12 |       0 |   0.0
        D:3 |     173 |       0 |   0.0 |      23 |       0 |   0.0
        D:4 |     289 |       0 |   0.0 |      16 |       0 |   0.0
        D:5 |      38 |     366 |  90.6 |       2 |       2 |  50.0
            +---------+---------+-------+---------+---------+-------
